 Dungeon Crawl Stone Soup version 0.31.0-12-g77e489cdc1 (webtiles) character file.

Game seed: 15177513911368113913

7 spaghetti the Cutter (level 2, -6/28 HPs)
             Began as a Naga Chaos Knight on Mar 7, 2024.
             Was a Plaything of Xom.
             Mangled by a profane servitor
             ... wielding a +1 whip of pain
              (9 damage)
             ... on level 1 of the Abyss.
             The game lasted 00:00:28 (175 turns).

spaghetti the Cutter (Naga Chaos Knight)             Turns: 175, Time: 00:00:29

Health: -6/28      AC:  4    Str: 14    XL:     2   Next: 0%
Magic:  2/2        EV:  9    Int: 12    God:    Xom [..*...]
Gold:   60         SH:  0    Dex: 10    Spells: 1/1 levels left

rFire   . . .        a - +0 short sword (chaos)
rCold   . . .        (no shield)
rNeg    . . .        b - +2 leather armour
rPois   +            (no helmet)
rElec   .            (no cloak)
rCorr   .            (no gloves)
SInv    +            (no barding)
Will    .....        (no amulet)
Stlth   ++           (no ring)
HPRegen 0.24/turn    (no ring)
MPRegen 0.08/turn

%: no passive effects
@: wreathed by umbra, very slow
A: AC +0, large, see invisible, deformed body, poison resistance, slowness 2,
spit poison 1, naga tail 1
a: Spit Poison, Renounce Religion


You were on level 1 of the Abyss.
You worshipped Xom.
You were a toy of Xom.
You visited 1 branch of the dungeon, and saw 1 of its levels.
You visited the Abyss 1 time.

You collected 60 gold pieces.

Inventory:

Hand Weapons
 a - a +0 short sword of chaos (weapon)
Armour
 b - a +2 leather armour (worn)
Scrolls
 c - a scroll of butterflies


   Skills:
 - Level 3.0 Fighting
 - Level 3.0 Short Blades
 - Level 1.5 Armour
 - Level 0.7 Dodging
 + Level 2.5 Stealth


You had one spell level left.
You didn't know any spells.
Your spell library was empty.

Dungeon Overview and Level Annotations

Branches:
Dungeon (1/15)

Altars:


Innate Abilities, Weirdness & Mutations

Your serpentine skin is tough. (AC +0)
You have supernaturally acute eyesight. (SInv)
Armour fits poorly on your strangely shaped body.
Your system is resistant to poisons. (rPois)
You cover ground very slowly.
You can spit poison.
You have a snake-like lower body.


Message History

You see here a +0 helmet.
The splash of poison hits the giant cockroach!
You kill the giant cockroach!
You have reached level 2!
You have got your breath back.
A quokka comes into view.
A quokka is nearby!
A quokka is nearby!
A quokka is nearby!
Found a glowing pink potion.
A kobold comes into view.
It is wielding a +1 dagger of distortion.
The kobold shouts!
The splash of poison misses the kobold.
The kobold throws a stone.
The stone hits you.
You closely miss the kobold.
The kobold hits you with a +1 dagger of distortion.
You are cast into the Abyss!
To return, you must find a gate leading back.
Killing monsters will force the Abyss to allow you passage.
This branch contains the abyssal rune of Zot.
Found a corrupted altar of Lugonu.
No target in view!
No target in view!
Unknown command.
You have got your breath back.
There is a corrupted altar of Lugonu here.
A profane servitor comes into view. It is wielding a +1 whip of pain.
A profane servitor is nearby!
A profane servitor is nearby!
You aren't carrying any potions.
Okay, then.
The profane servitor hits you with a +1 whip of pain!!
Ouch! That really hurt!
* * * LOW HITPOINT WARNING * * *
Xom roars with laughter!
A shower of butterflies erupts from you!
The profane servitor draws strength from your injuries!
You writhe in agony!
You die...
Xom is highly amused!

####
.#.#.####.##...##
.....#.##. ... #
###.#.....#.#...#
. #.#...#.###...
#. #.###..###.##
.#.#
...#......#.#.#
#..#.#.........
#b#A#.####..#
##@#.#.# .
#..bb#b##.#
....#bb .# ## ..
##. .. .# #.. .
... .. ..## #.
#.#


You could see a profane servitor (ally target).

Vanquished Creatures
  2 ball pythons (D:1)
  A giant cockroach (D:1)
  A goblin (D:1)
  A hobgoblin (D:1)
  A kobold (D:1)
6 creatures vanquished.

Notes
Turn   | Place    | Note
-------+----------+-------------------------------------------
     0 | D:1      | spaghetti the Naga Chaos Knight began the quest for the
                  | Orb.
     0 | D:1      | Reached XP level 1. HP: 21/21 MP: 1/1
    15 | D:1      | Reached skill level 1 in Stealth
   136 | D:1      | Reached XP level 2. HP: 28/28 MP: 2/2
   150 | Abyss:1  | Found a corrupted altar of Lugonu.
   150 | Abyss:1  | Cast into level 1 of the Abyss (kobold)
   172 | Abyss:1  | Noticed a profane servitor
   175 | Abyss:1  | XOM: butterfly on damage
   175 | Abyss:1  | Mangled by a profane servitor

Illustrated notes

Levels and vault maps discovered:
D:1:      minmay_arrival_stair_chambers, layout_basic
Abyss:1:  base:
D:1

Skill      XL: |  1 |
---------------+----+-----
Stealth        | 2 |  2.5
Fighting       | |  3.0
Short Blades   | |  3.0
Armour         | |  1.5
Dodging        | |  0.7

Action                     || total
---------------------------++-------
  Melee: Short sword       ||     3
Ability: Spit Poison       ||     6
 Armour: Leather armour    ||     5
  Dodge: Dodged            ||     1
